 Dungeon Crawl Stone Soup version 0.25-a0-635-g0c6c292ef3 (webtiles) character file.

Game seed: 1365782767898125003, levelgen mode: deterministic

136815 Mgcat the Brawler (level 16, 0/161 HPs)
             Began as a Troll Artificer on Mar 19, 2020.
             Was a High Priest of Okawaru.
             Slain by a black mamba (1 damage)
             ... on level 2 of the Snake Pit on Mar 20, 2020.
             The game lasted 01:14:03 (25775 turns).

Mgcat the Brawler (Troll Artificer)                Turns: 25775, Time: 01:14:04

Health: 0/161      AC: 19    Str: 29    XL:     16   Next: 67%
Magic:  0/22       EV:  6    Int:  7    God:    Okawaru [*****.]
Gold:   674        SH: 13    Dex: 10    Spells: 15/15 levels left

rFire    + + .     SeeInvis +     - Unarmed
rCold    + + .     Gourm    +   b - +2 shield of Resistance {rF+ rC+ MR+}
rNeg     . . .     Faith    .   Y - +0 shadow dragon scales
rPois    .         Spirit   +   m - +2 hat
rElec    .         Reflect  .   j - scarf {rC+ rF+}
rCorr    .         Harm     .   (gloves unavailable)
MR       +++..                  (boots unavailable)
Stlth    +++.......             I - amulet of guardian spirit {Spirit}
HPRegen  0.76/turn              g - ring of see invisible {sInv, !d}
MPRegen  0.18/turn              n - ring of protection from magic {MR+, !d}

@: about to teleport, constricted
A: large, unfitting armour, claws 3, fast metabolism 3, gourmand, regeneration
1, shaggy fur 1, tough skin 3
a: Heroism, Finesse, Renounce Religion


You were on level 2 of the Snake Pit.
You worshipped Okawaru.
Okawaru was extremely pleased with you.
You were not hungry.

You visited 4 branches of the dungeon, and saw 25 of its levels.
You also visited: Ossuary, Bailey and Gauntlet.

You collected 1915 gold pieces.
You spent 1241 gold pieces at shops.

Inventory:

Missiles
 p - 28 large rocks (quivered) {!d}
 u - 68 boomerangs
 A - a throwing net {=f, !d}
 C - 6 silver javelins
 N - 27 javelins
Armour
 b - the +2 shield of Resistance (worn) {rF+ rC+ MR+}
   (You bought it in a shop on level 2 of the Orcish Mines)

   It protects you from fire.
   It protects you from cold.
   It affects your resistance to hostile enchantments.
 j - a scarf of resistance (worn)
   (You found it in a Gauntlet)
 m - a +2 hat (worn)
   (You found it on level 2 of the Orcish Mines)
 Y - +0 shadow dragon scales (worn)
   (You found it in a Gauntlet)
Jewellery
 g - a ring of see invisible (left claw) {sInv, !d}
   (You found it on level 1 of the Dungeon)
 n - a ring of protection from magic (right claw) {MR+, !d}
   (You found it on level 3 of the Dungeon)
 I - an amulet of guardian spirit (around neck) {Spirit}
   (You found it on level 11 of the Dungeon)
 J - a +2 ring of intelligence
   (You took it off a naga warrior on level 1 of the Snake Pit)
 R - an uncursed ring of protection from fire {rF+, !d}
   (You took it off a minotaur in a Gauntlet)
Wands
 d - a wand of enslavement (12)
 h - a wand of flame (21)
   (You found it on level 2 of the Orcish Mines)
 o - a wand of digging (4)
   (You found it on level 3 of the Lair of Beasts)
 r - a wand of polymorph (5)
   (You found it on level 1 of the Snake Pit)
 B - a wand of iceblast (10)
   (You took it off an orc on level 13 of the Dungeon)
Scrolls
 e - 3 scrolls of identify
 k - 5 scrolls of enchant weapon
 q - 2 scrolls of amnesia
 y - 10 scrolls of remove curse
 D - a scroll of blinking {!r}
 E - a scroll of fog
 G - 2 scrolls of teleportation
Potions
 a - 4 potions of mutation {!q}
 c - a potion of brilliance
 i - 5 potions of curing
 l - 5 potions of stabbing
 s - 2 potions of ambrosia
 t - 3 potions of berserk rage {!q}
 v - 5 potions of flight
 w - 4 potions of might
 x - 3 potions of lignification {!q}
 z - a potion of cancellation
 F - 2 potions of haste
 K - a potion of magic {unknown}
Miscellaneous
 H - a sack of spiders
 O - a fan of gales
   (You found it on level 5 of the Lair of Beasts)
 W - a phantom mirror
Comestibles
 f - 39 rations


   Skills:
 + Level 10.8 Fighting
   Level 0.7 Short Blades
 + Level 9.4 Throwing
 + Level 7.0 Armour
 - Level 8.2 Dodging
 - Level 2.0 Stealth
 + Level 7.9 Shields
 + Level 15.0 Unarmed Combat
 + Level 9.4 Invocations
 - Level 5.0 Evocations


You had 15 spell levels left.
You didn't know any spells.
Your spell library contained the following spells:

 Spells                   Type           Power        Failure   Level  Hunger
 Animate Skeleton         Necr           N/A          95%         1    ##.....
 Apportation              Tloc           #.....       95%         1    ##.....
 Corona                   Hex            #......      95%         1    ##.....
 Infusion                 Chrm           #...         95%         1    ##.....
 Magic Dart               Conj           #...         95%         1    ##.....
 Sting                    Tmut/Pois      #...         95%         1    ##.....
 Summon Butterflies       Summ           #.......     95%         1    ##.....
 Summon Small Mammal      Summ           #...         95%         1    ##.....
 Blink                    Tloc           N/A          99%         2    ###....
 Call Imp                 Summ           #.......     99%         2    ###....
 Poisonous Vapours        Pois/Air       #.....       99%         2    ###....
 Searing Ray              Conj           #.....       99%         2    ###....
 Slow                     Hex            #.......     99%         2    ###....
 Swiftness                Chrm/Air       #.......     99%         2    ###....
 Call Canine Familiar     Summ           #.......     100%        3    ####...
 Confusing Touch          Hex            #.......     100%        3    ####...
 Conjure Flame            Conj/Fire      #.......     100%        3    ####...
 Dazzling Flash           Conj/Hex       #.....       100%        3    ####...
 Gell's Gravitas          Tloc           #.........   100%        3    ####...
 Mephitic Cloud           Conj/Pois/Air  #.......     100%        3    ####...
 Recall                   Summ/Tloc      N/A          100%        3    ####...
 Summon Guardian Golem    Hex/Summ       #.......     100%        3    ####...
 Fulminant Prism          Conj/Hex       #.........   100%        4    #####..
 Iskenderun's Mystic Bla  Conj/Tloc      #.......     100%        4    #####..
 Leda's Liquefaction      Hex/Erth       #.........   100%        4    #####..
 Petrify                  Tmut/Erth      #.......     100%        4    #####..
 Summon Ice Beast         Ice/Summ       #.......     100%        4    #####..
 Summon Lightning Spire   Summ/Air       #.......     100%        4    #####..
 Alistair's Intoxication  Tmut/Pois      #.......     100%        5    ######.
 Bolt of Magma            Conj/Fire/Erth #.........   100%        5    ######.
 Excruciating Wounds      Chrm/Necr      #.........   100%        5    ######.
 Metabolic Englaciation   Hex/Ice        #.........   100%        5    ######.
 Summon Demon             Summ           #.........   100%        5    ######.
 Yara's Violent Unravell  Hex/Tmut       #.........   100%        5    ######.
 Deflect Missiles         Chrm/Air       #.........   100%        6    #######
 Freezing Cloud           Conj/Ice/Air   #.........   100%        6    #######
 Iron Shot                Conj/Erth      #.........   100%        6    #######
 Statue Form              Tmut/Erth      #........    100%        6    #######
 Ring of Flames           Chrm/Fire      #.........   100%        7    #######
 Shatter                  Erth           #.........   100%        9    #######


Dungeon Overview and Level Annotations

Branches:
Dungeon (15/15)            Temple (0/1) D:5            Lair (6/6) D:9
 Shoals (0/4) Lair:4        Snake (2/4) Lair:2        Slime (0/5) Lair:6
    Orc (2/2) D:11            Elf (0/3) Orc:2        Vaults (0/5) D:13
 Depths (0/5) D:15        Ossuary (visited)          Bailey (visited)
Gauntlet (visited)

Altars:
Cheibriados
Hepliaklqana
Kikubaaqudgha
Okawaru
Ru
Sif Muna
Uskayaw
Wu Jian
Xom
Jiyva

Shops:
D:4 =   D:8 [   D:13 !   Orc:2 *%*!   Snake:1 ([=(

Annotations:
D:8 1 runed translucent door, Inarius's ghost, novice TrFi
D:10 Fannar
D:11 Sonja
D:12 exclusion: hydra
D:15 exclusions: ice statue and obsidian statue, Roxanne
Lair:6 exclusion: oklob plant
Snake:1 Aizul


Innate Abilities, Weirdness & Mutations

You are too large for most types of armour.
You have claws for hands.
Your metabolism is lightning-fast.
You like to eat raw meat.
Your natural rate of healing is unusually fast.
You are covered in fur. (AC +1)
You have extremely tough skin. (AC +3)


Message History

The anaconda bites you!
* * * LOW HITPOINT WARNING * * *
x2 The anaconda constricts you.
You take 11 damage, and have 33/161 hp.
You now have 11/22 mp.
Warning x2: The anaconda is very fast and can constrict you!
The naga sharpshooter can shoot you with portal projectiles!
You claw the anaconda!
The anaconda is heavily wounded.
You feel sick. The black mamba bites you!
* * * LOW HITPOINT WARNING * * *
The anaconda closely misses you.
* * * LOW HITPOINT WARNING * * *
The anaconda constricts you.
The naga sharpshooter gestures wildly while chanting.
The naga sharpshooter magically shoots an arrow.
The arrow hits you!
* * * LOW HITPOINT WARNING * * *
The salamander hits you but does no damage.
You take 19 damage, and have 14/161 hp.
You now have 5/22 mp.
Warning x2: The anaconda is very fast and can constrict you!
The naga sharpshooter can shoot you with portal projectiles!
As you read the scroll of teleportation, it crumbles to dust.
You feel strangely unstable.
* * * LOW HITPOINT WARNING * * *
You feel very sick.
The black mamba bites you but does no damage.
You block the anaconda's attack. The anaconda constricts you.
You block the black mamba's attack. You block the anaconda's attack.
The anaconda constricts you. The salamander closely misses you.
You take 4 damage, and have 10/161 hp.
Warning x2: The anaconda is very fast and can constrict you!
The naga sharpshooter can shoot you with portal projectiles!
You feel better. You block the black mamba's attack.
You block the anaconda's attack.
* * * LOW HITPOINT WARNING * * *
The anaconda constricts you. The black mamba bites you.
* * * LOW HITPOINT WARNING * * *
The anaconda closely misses you.
* * * LOW HITPOINT WARNING * * *
The anaconda constricts you.
You now have 3/22 mp.
Warning x2: The anaconda is very fast and can constrict you!
The naga sharpshooter can shoot you with portal projectiles!
Okay, then.
Warning x2: The anaconda is very fast and can constrict you!
The naga sharpshooter can shoot you with portal projectiles!
Okay, then.
Warning x2: The anaconda is very fast and can constrict you!
The naga sharpshooter can shoot you with portal projectiles!
Unknown command.
Warning x2: The anaconda is very fast and can constrict you!
The naga sharpshooter can shoot you with portal projectiles!
Unknown command.
Warning x2: The anaconda is very fast and can constrict you!
The naga sharpshooter can shoot you with portal projectiles!
You claw the anaconda!
The anaconda is heavily wounded.
The salamander barely misses you.
The naga sharpshooter casts a spell.
The naga sharpshooter magically shoots an arrow.
You block the arrow. You block the black mamba's attack.
You block the anaconda's attack.
* * * LOW HITPOINT WARNING * * *
The anaconda constricts you.
You take 1 damage, and have 9/161 hp.
You now have 2/22 mp.
Warning x2: The anaconda is very fast and can constrict you!
The naga sharpshooter can shoot you with portal projectiles!
Unknown command.
Warning x2: The anaconda is very fast and can constrict you!
The naga sharpshooter can shoot you with portal projectiles!
Unknown command.
Warning x2: The anaconda is very fast and can constrict you!
The naga sharpshooter can shoot you with portal projectiles!
Unknown command.
Warning x2: The anaconda is very fast and can constrict you!
The naga sharpshooter can shoot you with portal projectiles!
Unknown command.
Warning x2: The anaconda is very fast and can constrict you!
The naga sharpshooter can shoot you with portal projectiles!
Unknown command.
Warning x2: The anaconda is very fast and can constrict you!
The naga sharpshooter can shoot you with portal projectiles!
Unknown command.
Warning x2: The anaconda is very fast and can constrict you!
The naga sharpshooter can shoot you with portal projectiles!
Unknown command.
Warning x2: The anaconda is very fast and can constrict you!
The naga sharpshooter can shoot you with portal projectiles!
Unknown command.
Warning x2: The anaconda is very fast and can constrict you!
The naga sharpshooter can shoot you with portal projectiles!
You claw the anaconda!
The anaconda is almost dead.
The anaconda bites you but does no damage.
The anaconda constricts you. The black mamba closely misses you.
You block the salamander's attack.
Warning x2: The anaconda is very fast and can constrict you!
The naga sharpshooter can shoot you with portal projectiles!
Unknown command.
Warning x2: The anaconda is very fast and can constrict you!
The naga sharpshooter can shoot you with portal projectiles!
Unknown command.
Warning x2: The anaconda is very fast and can constrict you!
The naga sharpshooter can shoot you with portal projectiles!
Unknown command.
Warning x2: The anaconda is very fast and can constrict you!
The naga sharpshooter can shoot you with portal projectiles!
Unknown command.
Warning x2: The anaconda is very fast and can constrict you!
The naga sharpshooter can shoot you with portal projectiles!
Unknown command.
Warning x2: The anaconda is very fast and can constrict you!
The naga sharpshooter can shoot you with portal projectiles!
Unknown command.
Warning x2: The anaconda is very fast and can constrict you!
The naga sharpshooter can shoot you with portal projectiles!
Unknown command.
Warning x2: The anaconda is very fast and can constrict you!
The naga sharpshooter can shoot you with portal projectiles!
You scratch the anaconda.
The anaconda is almost dead.
You block the black mamba's attack. The anaconda bites you!
* * * LOW HITPOINT WARNING * * *
x2 The anaconda constricts you.
The black mamba bites you.
You die... #### NN#

#S# #. #@# #.#.#
#S# #.#.# #S# #.#.#
#S# ######.#.# #N#
...#...#.#######.#
#.....#......##(#
####...#..##.###.#
#.)..รท....#......#


You could see a naga sharpshooter, a salamander, an anaconda, 3 black mambas and
a naga.

Vanquished Creatures
  A frost giant (D:15)
  Nessos (D:13)
  A minotaur (Gauntlet)
  A fire dragon (D:15)
  8 vault guards (D:13)
  4 naga warriors
  4 hydras
  4 catoblepae
  A death knight (D:12)
  5 centaur warriors
  An ogre mage (D:15)
  3 anacondas (Snake:1)
  6 two-headed ogres
  8 death yaks (Lair:6)
  2 tengu warriors (D:15)
  2 shock serpents
  Nergalle (D:10)
  2 naga sharpshooters (Snake:2)
  9 skeletal warriors
  3 unseen horrors
  A naga ritualist (Snake:2)
  5 deep elf magi
  A wolf spider zombie (D:15)
  6 mana vipers
  3 orc knights
  8 ugly things (D:15)
  3 salamanders
  3 cyclopes
  5 manticores
  2 guardian serpents
  An eye of devastation (Snake:2)
  2 molten gargoyles (Gauntlet)
  18 black mambas
  3 naga magi
  2 gargoyles (Gauntlet)
  10 spiny frogs
  4 centaur skeletons
  A yaktaur (D:15)
  10 komodo dragons
  A komodo dragon (shapeshifter) (D:13)
  2 kobold demonologists
  2 rime drakes (D:14)
  3 freezing wraiths (D:12)
  A tengu conjurer (D:13)
  Grinder (D:5)
  7 trolls
  8 blink frogs (Lair:4)
  14 slime creatures
  13 hippogriffs
  4 dream sheep (Lair:6)
  23 yaks
  2 basilisks
  A wyvern (D:15)
  A vampire (D:11)
  A wraith (D:13)
  A golden eye (shapeshifter) (D:15)
  5 hungry ghosts
  A steam dragon (D:12)
  2 vampire mosquitoes (D:15)
  14 nagas
  2 soldier ants
  4 wargs
  4 acid dragons (D:13)
  17 water moccasins
  10 porcupines
  35 orc warriors
  A swamp drake (Orc:2)
  An eye of draining (D:15)
  4 ice beasts
  3 sky beasts
  6 phantoms
  15 ogres
  A wolf (D:10)
  27 centaurs
  11 crocodiles
  An elf zombie (D:6)
  17 bullfrogs
  5 big kobolds
  A wyvern zombie (D:12)
  An elf skeleton (D:6)
  3 water moccasin zombies (Ossuary)
  2 scorpions
  28 killer bees
  4 wights (D:10)
  4 howler monkeys
  2 electric eels
  3 bullfrog zombies
  2 lava snakes
  7 crimson imps
  3 quasits
  5 hounds
  3 jellies
  19 orc priests
  An iron imp (Orc:2)
  13 orc wizards
  Crazy Yiuf (D:5)
  A human skeleton (D:6)
  7 worker ants
  Ijyb (D:4)
  5 hell rats (Lair:5)
  3 big kobold zombies (Ossuary)
  A hound skeleton (D:11)
  2 mummies (Ossuary)
  Robin (D:4)
  6 gnolls
  18 adders
  5 shadow imps
  3 white imps
  An ufetubus (D:10)
  2 adder zombies (Ossuary)
  2 adder skeletons
  4 worms
  A dart slug (D:3)
  5 leopard geckos
  72 orcs
  A ball python (D:2)
  10 bats
  6 giant cockroaches
  4 gnoll zombies (Ossuary)
  16 goblins
  16 hobgoblins
  5 jackals (D:2)
  42 kobolds
  4 quokkas
  4 frilled lizards
  9 hobgoblin zombies (Ossuary)
  4 kobold zombies (Ossuary)
  An orc skeleton (D:6)
  2 orc zombies (D:6)
  5 rats
  A fire vortex (Orc:2)
798 creatures vanquished.

Vanquished Creatures (collateral kills)
  A gnoll (Bailey)
  A goblin (Bailey)
  2 kobolds (Bailey)
4 creatures vanquished.

Vanquished Creatures (others)
  A cyclops (Orc:1)
  3 orc warriors (Orc:2)
  3 centaurs (Orc:2)
  2 orc wizards (Orc:2)
  6 orcs (Orc:2)
  2 bushes
  10 fungi
  20 plants
  6 withered plants
53 creatures vanquished.

Grand Total: 855 creatures vanquished

Notes
Turn   | Place    | Note
-------+----------+-------------------------------------------
     0 | D:1      | Mgcat the Troll Artificer began the quest for the Orb.
     0 | D:1      | Reached XP level 1. HP: 18/18 MP: 1/1
    98 | D:1      | Reached skill level 1 in Fighting
    98 | D:1      | Reached XP level 2. HP: 26/27 MP: 2/2
   102 | D:1      | Reached skill level 1 in Unarmed Combat
   925 | D:2      | Reached XP level 3. HP: 26/33 MP: 3/3
   938 | D:2      | Reached skill level 2 in Dodging
  1045 | D:2      | Reached skill level 2 in Unarmed Combat
  1067 | D:2      | Reached skill level 1 in Stealth
  1282 | D:2      | Reached XP level 4. HP: 41/41 MP: 4/4
  1662 | D:3      | Found an iron altar of Okawaru.
  1662 | D:3      | Found a hazy altar of Hepliaklqana.
  1783 | D:3      | Found a shimmering blue altar of Sif Muna.
  1911 | D:3      | Became a worshipper of Warmaster Okawaru
  2014 | D:4      | Noticed Ijyb
  2023 | D:4      | Reached skill level 3 in Unarmed Combat
  2023 | D:4      | Reached XP level 5. HP: 30/49 MP: 5/5
  2026 | D:4      | Reached skill level 2 in Fighting
  2041 | D:4      | Killed Ijyb
  2083 | D:4      | Noticed Robin
  2104 | D:4      | Killed Robin
  2178 | D:4      | Found Ighere's Jewellery Shoppe.
  2186 | D:4      | Bought a +3 amulet of reflection for 157 gold pieces
  2212 | D:4      | Reached skill level 1 in Invocations
  2217 | D:4      | Reached XP level 6. HP: 55/57 MP: 6/6
  2279 | D:4      | Found a shimmering altar of Xom.
  2279 | D:4      | Found a shimmering altar of Xom.
  2290 | D:4      | Found a shimmering altar of Xom.
  2292 | D:4      | Found a shimmering altar of Xom.
  2457 | D:4      | Reached * piety under Okawaru
  2592 | D:5      | Entered Level 5 of the Dungeon
  2728 | D:5      | Reached skill level 4 in Unarmed Combat
  2759 | D:5      | Reached skill level 3 in Dodging
  2799 | D:5      | Reached XP level 7. HP: 35/66 MP: 7/7
  3170 | D:5      | Reached skill level 2 in Invocations
  3286 | D:5      | Noticed Grinder
  3302 | D:5      | Killed Grinder
  3302 | D:5      | Reached ** piety under Okawaru
  3302 | D:5      | Reached skill level 3 in Fighting
  3302 | D:5      | Reached skill level 1 in Throwing
  3302 | D:5      | Reached skill level 5 in Unarmed Combat
  3302 | D:5      | Reached skill level 3 in Evocations
  3398 | D:5      | Found a runed translucent door.
  3399 | D:5      | Noticed Crazy Yiuf
  3405 | D:5      | Killed Crazy Yiuf
  3420 | D:5      | Got a shimmering mace
  3586 | D:5      | Found a staircase to the Ecumenical Temple.
  3816 | D:6      | Reached XP level 8. HP: 44/75 MP: 9/9
  4019 | D:6      | Found a sand-covered staircase.
  4024 | Ossuary  | Entered an ossuary
  4112 | Ossuary  | Reached skill level 3 in Invocations
  4141 | Ossuary  | Reached skill level 6 in Unarmed Combat
  4298 | D:6      | Reached skill level 4 in Dodging
  4339 | D:6      | Reached *** piety under Okawaru
  4609 | D:6      | Found an ancient bone altar of Kikubaaqudgha.
  4936 | D:7      | Identified the +5 ring mail of Oschiguj {rN+ Int+3}
  5064 | D:7      | Reached skill level 4 in Fighting
  5064 | D:7      | Reached XP level 9. HP: 84/84 MP: 10/10
  5279 | D:7      | Reached skill level 7 in Unarmed Combat
  5570 | D:7      | Reached skill level 4 in Evocations
  5945 | D:8      | Found a snail-covered altar of Cheibriados.
  5969 | D:8      | Found a sacrificial altar of Ru.
  6020 | D:8      | Reached skill level 4 in Invocations
  6027 | D:8      | Found Inno's Armour Boutique.
  6095 | D:8      | Reached **** piety under Okawaru
  6134 | D:8      | Noticed a +0 dagger
  6137 | D:8      | Reached skill level 2 in Stealth
  6138 | D:8      | Noticed a +0 hand axe
  6141 | D:8      | Found a hide-covered altar of Uskayaw.
  6435 | D:8      | Found a runed translucent door.
  6468 | D:8      | Noticed Inarius's ghost (novice TrFi)
  6515 | D:8      | Reached skill level 8 in Unarmed Combat
  6609 | D:9      | Reached skill level 5 in Dodging
  6692 | D:9      | Found an ornate altar of the Wu Jian Council.
  6824 | D:9      | Reached XP level 10. HP: 82/94 MP: 12/12
  6951 | D:9      | Noticed a two-headed ogre
  7112 | D:9      | Killed a two-headed ogre
  7112 | D:9      | Reached skill level 5 in Fighting
  7112 | D:9      | Reached skill level 5 in Invocations
  7160 | D:9      | Found a staircase to the Lair.
  7345 | D:10     | Entered Level 10 of the Dungeon
  7383 | D:10     | Reached ***** piety under Okawaru
  7395 | D:10     | Reached skill level 9 in Unarmed Combat
  7406 | D:10     | Reached skill level 5 in Evocations
  7801 | D:10     | Reached skill level 6 in Dodging
  7854 | D:10     | Found a flagged portal.
  7957 | Bailey   | Entered a bailey
  8040 | Bailey   | Noticed an orc knight
  8100 | Bailey   | Killed an orc knight
  8100 | Bailey   | Reached skill level 10 in Unarmed Combat
  8180 | Bailey   | Reached XP level 11. HP: 73/105 MP: 13/13
  8217 | Bailey   | Reached skill level 6 in Fighting
  8418 | D:10     | Noticed Fannar
  8713 | D:10     | Noticed Nergalle
  8718 | D:10     | Killed Nergalle
  8996 | D:11     | Noticed Sonja
  9036 | D:11     | Found a staircase to the Orcish Mines.
  9069 | D:11     | Found a hazy altar of Hepliaklqana.
  9769 | Lair:1   | Entered Level 1 of the Lair of Beasts
 10186 | Lair:1   | Reached skill level 11 in Unarmed Combat
 10374 | Lair:2   | Received a gift from Okawaru
 10595 | Lair:2   | HP: 21/107 [black mamba (7)]
 10596 | Lair:2   | HP: 9/107 [black mamba (9)]
 10602 | Lair:2   | Reached skill level 2 in Throwing
 10719 | Lair:2   | Reached skill level 7 in Dodging
 10733 | Lair:2   | Received a gift from Okawaru
 10768 | Lair:2   | HP: 25/107 [komodo dragon (21)]
 10773 | Lair:2   | HP: 12/107 [komodo dragon (14)]
 10778 | Lair:2   | HP: 12/107 [poisoned by a water moccasin]
 10784 | Lair:2   | HP: 15/107 [poisoned by a water moccasin]
 10789 | Lair:2   | HP: 19/107 [poisoned by a water moccasin]
 10796 | Lair:2   | HP: 24/107 [poisoned by a water moccasin]
 10968 | Lair:2   | Found a staircase to the Snake Pit.
 11000 | Lair:2   | You fall into a shaft and drop 1 floor!
 11538 | Lair:2   | Reached skill level 7 in Fighting
 11840 | Lair:3   | Reached skill level 3 in Throwing
 11890 | Lair:3   | Received a gift from Okawaru
 11901 | Lair:3   | HP: 25/109 [spiny frog (11)]
 11902 | Lair:3   | Reached XP level 12. HP: 27/118 MP: 12/14
 11906 | Lair:3   | HP: 22/118 [poisoned by a spiny frog]
 11911 | Lair:3   | HP: 20/118 [poisoned by a spiny frog]
 11916 | Lair:3   | HP: 20/118 [poisoned by a spiny frog]
 11922 | Lair:3   | HP: 22/118 [poisoned by a spiny frog]
 11927 | Lair:2   | HP: 25/118 [poisoned by a spiny frog]
 12030 | Lair:3   | Reached skill level 12 in Unarmed Combat
 12480 | Lair:4   | Reached ****** piety under Okawaru
 12681 | Lair:4   | Found a staircase to the Shoals.
 12691 | Lair:4   | Reached skill level 1 in Shields
 12795 | Lair:4   | Reached skill level 4 in Throwing
 13079 | Lair:4   | Noticed an eight-headed hydra
 13085 | Lair:4   | Killed an eight-headed hydra
 13085 | Lair:4   | Reached skill level 2 in Shields
 13602 | Lair:5   | Reached skill level 8 in Dodging
 13904 | Lair:5   | Found a hide-covered altar of Uskayaw.
 14217 | Lair:5   | Upgraded the game from 0.25-a0-632-g7713895373 to
                  | 0.25-a0-635-g0c6c292ef3
 14236 | Lair:6   | Entered Level 6 of the Lair of Beasts
 14250 | Lair:6   | Found a gate leading to a gauntlet.
 14259 | Gauntlet | Entered a Gauntlet
 14259 | Gauntlet | Found a transporter.
 14259 | Gauntlet | Found a transporter.
 14259 | Gauntlet | Noticed a catoblepas
 14268 | Gauntlet | Found a transporter.
 14277 | Gauntlet | Noticed a tengu warrior
 14282 | Gauntlet | Found a transporter.
 14293 | Gauntlet | Found a transporter.
 14304 | Gauntlet | Found a transporter.
 14318 | Gauntlet | Found a transporter.
 14324 | Gauntlet | Found a transporter.
 14324 | Gauntlet | Noticed a death scarab
 14338 | Gauntlet | Found a transporter.
 14338 | Gauntlet | Noticed a blizzard demon
 14355 | Gauntlet | Found a transporter.
 14359 | Gauntlet | Found a transporter.
 14398 | Gauntlet | Found a transporter.
 14449 | Gauntlet | Killed a catoblepas
 14471 | Gauntlet | HP: 28/119 [molten gargoyle/+0 mace (12)]
 14472 | Gauntlet | Reached skill level 5 in Throwing
 14472 | Gauntlet | Reached skill level 3 in Shields
 14472 | Gauntlet | Reached skill level 13 in Unarmed Combat
 14583 | Gauntlet | Got a warped cloak
 14597 | Gauntlet | Identified the +0 cloak "Caurphu Emee" {rN+} (You found it
                  | in a Gauntlet)
 14616 | Gauntlet | Identified the +10 war axe "Feoreawi" {vorpal, rElec rC+}
 14616 | Gauntlet | Noticed a minotaur
 14626 | Gauntlet | HP: 20/119 [minotaur/javelin (12)]
 14627 | Gauntlet | HP: 9/119 [minotaur/javelin (3)]
 14629 | Gauntlet | Killed a minotaur
 14629 | Gauntlet | Received a gift from Okawaru
 14629 | Gauntlet | Reached skill level 8 in Fighting
 14697 | Gauntlet | Identified the Collected Works on Illusion
 15248 | Lair:6   | Noticed an eight-headed hydra
 15375 | Lair:6   | Found a viscous altar of Jiyva.
 15376 | Lair:6   | Found a staircase to the Slime Pits.
 15411 | Lair:6   | Reached XP level 13. HP: 73/127 MP: 9/15
 15652 | Lair:6   | Reached skill level 1 in Armour
 16147 | Lair:6   | Reached skill level 2 in Armour
 16156 | Lair:6   | Reached skill level 4 in Shields
 16312 | Lair:6   | HP: 29/128 [death yak (11)]
 16334 | Lair:6   | HP: 28/128 [yak (6)]
 16339 | Lair:5   | Reached skill level 6 in Throwing
 16489 | Lair:6   | Received a gift from Okawaru
 16489 | Lair:6   | Reached skill level 6 in Invocations
 16652 | Lair:6   | Received a gift from Okawaru
 17147 | Orc:1    | Entered Level 1 of the Orcish Mines
 17690 | Orc:2    | Entered Level 2 of the Orcish Mines
 17715 | Orc:2    | Reached skill level 14 in Unarmed Combat
 17897 | Orc:2    | Reached skill level 3 in Armour
 17975 | Orc:2    | Found a staircase to the Elven Halls.
 18218 | Orc:2    | HP: 24/130 [orc knight/+0 glaive (23)]
 18224 | Orc:2    | HP: 16/130 [orc knight/bolt (1)]
 18241 | Orc:2    | HP: 26/130 [troll (8)]
 18667 | Orc:2    | Reached XP level 14. HP: 111/137 MP: 12/17
 18672 | Orc:2    | Received a gift from Okawaru
 18777 | Orc:2    | Found Mikkamn's Food Shop.
 18777 | Orc:2    | Found Ocleos's General Store.
 18779 | Orc:2    | Found Miva's Distillery.
 18781 | Orc:2    | Found Vutof's General Store.
 18788 | Orc:2    | Bought a potion of experience for 550 gold pieces
 18788 | Orc:2    | Reached skill level 9 in Fighting
 18788 | Orc:2    | Reached skill level 7 in Throwing
 18788 | Orc:2    | Reached skill level 4 in Armour
 18788 | Orc:2    | Reached skill level 5 in Shields
 18788 | Orc:2    | Reached skill level 7 in Invocations
 18788 | Orc:2    | Reached XP level 15. HP: 146/146 MP: 17/19
 18985 | Orc:2    | Got a fine hat
 18998 | Orc:2    | Identified the cursed -5 hat of Mipet {Dex+2} (You found it
                  | on level 2 of the Orcish Mines)
 19168 | Orc:2    | Bought the +2 shield of Resistance {rF+ rC+ MR+} for 534
                  | gold pieces
 19168 | Orc:2    | Found the +2 shield of Resistance {rF+ rC+ MR+}
 19532 | D:12     | meem: I'm meem, an infobot run by MalcolmRoseGaming: Type
                  | !submeem to keep me in your games; !nomeem to shut me up
                  | forever; !meem for help; !whymeem if you want to know why
                  | meem exists. Visit http://youtube.com/malcolmrosegaming for
                  | more DCSS content.
 19666 | D:12     | Identified Vunoh's Reference Book on Lucky Poison
 20021 | D:13     | Reached skill level 6 in Shields
 20059 | D:13     | Found a gate to the Vaults.
 20082 | D:13     | Reached skill level 5 in Armour
 20189 | D:13     | Found Win Zaun's Distillery.
 20281 | D:13     | Noticed Nessos
 20302 | D:13     | Killed Nessos
 20528 | D:13     | Reached skill level 8 in Invocations
 20532 | D:13     | Received a gift from Okawaru
 20532 | D:13     | Reached skill level 8 in Throwing
 21063 | D:14     | You fall into a shaft and drop 1 floor!
 21063 | D:15     | Entered Level 15 of the Dungeon
 21198 | D:15     | Identified Roxanne's Papyrus of Transmigration
 21198 | D:15     | Noticed Roxanne
 21220 | D:15     | Received a gift from Okawaru
 21253 | D:15     | Reached skill level 10 in Fighting
 21307 | D:15     | Received a gift from Okawaru
 21673 | D:15     | Reached skill level 7 in Shields
 21982 | D:15     | Found a staircase to the Depths.
 21982 | D:15     | Noticed a frost giant
 21990 | D:15     | Killed a frost giant
 21990 | D:15     | Reached skill level 6 in Armour
 22075 | D:15     | Reached XP level 16. HP: 141/158 MP: 17/21
 22749 | D:14     | Received a gift from Okawaru
 23141 | D:14     | Reached skill level 9 in Invocations
 23584 | Lair:2   | Got a brightly glowing war axe
 23627 | Snake:1  | Entered Level 1 of the Snake Pit
 23656 | Snake:1  | Reached skill level 9 in Throwing
 23836 | Snake:1  | Found Gatiof's Weapon Emporium.
 24040 | Snake:1  | Found Gorogrius's Jewellery Boutique.
 24085 | Snake:1  | Received a gift from Okawaru
 24308 | Snake:1  | Found Rudem's Antique Weapon Shop.
 24314 | Snake:1  | Found Rotieg's Armour Shop.
 24340 | Snake:1  | Received a gift from Okawaru
 24534 | Snake:1  | HP: 33/161 [naga warrior/+0 scimitar (15)]
 24726 | Snake:1  | Noticed Aizul
 25604 | Snake:2  | Reached skill level 7 in Armour
 25760 | Snake:2  | Reached skill level 15 in Unarmed Combat
 25769 | Snake:2  | HP: 40/161 [anaconda (1)]
 25770 | Snake:2  | HP: 14/161 [naga sharpshooter/arrow (10)]
 25775 | Snake:2  | HP: 3/161 [anaconda (7)]
 25775 | Snake:2  | HP: 1/161 [anaconda (2)]
 25775 | Snake:2  | Slain by a black mamba

Levels and vault maps discovered:
D:1:      minmay_arrival_split_and_join, layout_loops_ring
D:2:      layout_rooms, first_ration
D:3:      layout_rooms, overflow_temple_1_default,
          amethyst_overflow_temple_binary
D:4:      layout_cave_pools, xom_redecorated, serial_shops, shop, uniq_robin,
          uniq_ijyb
D:5:      layout_loops_ring, minmay_temple_entry_hall, uniq_crazy_yiuf_cottage,
          uniq_grinder
D:6:      layout_loops_ring, kennysheep_little_box,
          nicolae_ossuary_entry_catacombs, minivault_11,
          kb_lookout_dungeons_type
D:7:      layout_loops_corners, grunt_ogre_cave, kennysheep_another_room
D:8:      layout_basic, overflow_temple_1_default, dancing_weapons_uskayaw,
          kennysheep_mini_moat, serial_shops, shop, gammafunk_ghost_grave,
          feat_on_display
D:9:      layout_cave_pools, old_standard_altar, dpeg_oklobed_lair
D:10:     layout_loops_corners, enter_bailey_8, serial_ice, serial_ice_a,
          serial_ice_e, serial_ice_i, serial_ice_c, uniq_fannar, uniq_nergalle
D:11:     layout_grid_maze, orc_0_dummy, serial_glass, glass_columns_a,
          glass_columns_a, basic_altar, uniq_sonja
D:12:     layout_roguey, serial_park_tiny_2, grunt_decor_one_mirror,
          due_unseen_surprise
D:13:     layout_small_grid, erik_vaults_2, serial_shops, nicolae_shop_trees,
          kennysheep_generic_room_16, uniq_nessos
D:14:     layout_irregular_city, portal_ice_cave_rime
D:15:     grunt_enter_depths_snipers, layout_long_grid, david_greed,
          uniq_roxanne
Lair:1:   layout_chaotic_city
Lair:2:   layout_cave_pods, minmay_snake_entry_six_corridors,
          beast_lair_carwin_2, grunt_megastairs_5
Lair:3:   layout_regular_city, beast_lair_carwin_4
Lair:4:   layout_regular_city, minmay_shoals_entry_beasts
Lair:5:   layout_roguey, basic_altar, serial_bayou_shore_a
Lair:6:   evilmike_catoblepas_cave, layout_small_grid, slime_altar_1,
          gauntlet_entry_generic
Snake:1:  layout_chambers, serial_shops, shop, shop_fountains,
          nicolae_shop_stone, minmay_shop_star, uniq_aizul
Snake:2:  layout_basic, serial_bayou_pond_a
Orc:1:    layout_caves
Orc:2:    st_orc_rangers, layout_diamond_mine, nicolae_orc_damp_corner,
          nicolae_orc_lava_tube, mumra_transporter_accident,
          hangedman_minor_magic

Skill      XL: |  1  2  3  4  5  6  7  8  9 10 11 12 13 14 15 16 |
---------------+-------------------------------------------------+-----
Fighting       | 1 2 3 4 5 7 8 9 10 | 10.8
Unarmed Combat | 1 2 3 4 5 6 8 10 11 13 14 15 | 15.0
Dodging        | 2 3 4 5 6 7 8 |  8.2
Stealth        | 1 2 |  2.0
Invocations    | 1 2 3 4 5 6 7 8 9 |  9.4
Throwing       | 1 3 5 6 7 8 9 |  9.4
Evocations     | 3 4 5 |  5.0
Shields        | 3 4 5 7 |  7.9
Armour         | 3 4 6 7 |  7.0
Short Blades   | |  0.7

Action                   |  1- 3 |  4- 6 |  7- 9 | 10-12 | 13-15 | 16-18 || total
-------------------------+-------+-------+-------+-------+-------+-------++-------
Melee: Unarmed           |   173 |   181 |   422 |   710 |  1019 |   435 ||  2940
       Punch             |       |     3 |    13 |    16 |       |       ||    32
Throw: Boomerang         |       |       |       |    33 |     1 |       ||    34
       Large rock        |       |       |       |       |     9 |     3 ||    12
Invok: Heroism           |       |       |     7 |    13 |    19 |     5 ||    44
       Finesse           |       |       |       |       |     4 |     1 ||     5
Evoke: Wand              |       |       |       |    30 |     6 |     3 ||    39
  Use: Scroll            |       |     4 |    17 |    10 |     8 |     1 ||    40
       Potion            |       |       |       |     5 |     4 |     4 ||    13
 Stab: Sleeping          |     1 |     4 |     2 |     3 |    12 |     6 ||    28
       Petrified         |       |       |       |       |     5 |       ||     5
       Petrifying        |       |       |       |       |     1 |       ||     1
       Distracted        |       |       |       |       |     1 |     1 ||     2
  Eat: Chunk             |    17 |    14 |    48 |    81 |    71 |    22 ||   253
       Ration            |       |       |     1 |       |       |     1 ||     2
Armor: Robe              |    75 |    48 |   136 |   120 |       |       ||   379
       Troll leather arm |       |       |       |    75 |       |       ||    75
       Shadow dragon sca |       |       |       |     6 |   300 |   139 ||   445
Dodge: Dodged            |   107 |    79 |   174 |   367 |   189 |   111 ||  1027
Block: Other             |       |     2 |    37 |    65 |       |       ||   104
       Reflection        |       |       |       |    13 |    52 |       ||    65
       Kite shield       |       |       |       |   106 |   218 |   243 ||   567
       Tower shield      |       |       |       |    16 |   391 |       ||   407

Table legend:
 A = Non-vault XP
 B = Vault XP
 C = Vault XP percentage of total XP
 D = Non-vault monster count
 E = Vault monster count
 F = Vault count percentage of total count
                 A         B        C        D         E       F
            +---------+---------+-------+---------+---------+-------
      Total |  111910 |   44838 |  28.6 |     599 |     213 |  26.2
            +---------+---------+-------+---------+---------+-------
        D:1 |      32 |       0 |   0.0 |      17 |       0 |   0.0
        D:2 |      94 |       0 |   0.0 |      32 |       0 |   0.0
        D:3 |      61 |       0 |   0.0 |      19 |       0 |   0.0
        D:4 |     187 |      72 |  27.8 |      12 |      13 |  52.0
        D:5 |     560 |     316 |  36.1 |      15 |       2 |  11.8
        D:6 |     398 |     346 |  46.5 |      11 |       7 |  38.9
        D:7 |     995 |     125 |  11.2 |      23 |       1 |   4.2
        D:8 |    1362 |       0 |   0.0 |      21 |       0 |   0.0
        D:9 |    2428 |       0 |   0.0 |      42 |       0 |   0.0
       D:10 |    2064 |    1638 |  44.2 |      45 |       9 |  16.7
       D:11 |    1139 |       0 |   0.0 |       9 |       0 |   0.0
       D:12 |    8519 |       0 |   0.0 |      37 |       0 |   0.0
       D:13 |    7353 |    9730 |  57.0 |      38 |      11 |  22.4
       D:14 |    7788 |     743 |   8.7 |      16 |       2 |  11.1
       D:15 |   26063 |    3040 |  10.4 |      61 |       3 |   4.7
     Lair:1 |    1196 |       0 |   0.0 |       5 |       0 |   0.0
     Lair:2 |     938 |    3389 |  78.3 |       8 |      22 |  73.3
     Lair:3 |    2240 |    1679 |  42.8 |       8 |       5 |  38.5
     Lair:4 |    5679 |     752 |  11.7 |      22 |       2 |   8.3
     Lair:5 |    2572 |     206 |   7.4 |      17 |       1 |   5.6
     Lair:6 |    8794 |   10487 |  54.4 |      26 |      22 |  45.8
    Snake:1 |   16873 |       0 |   0.0 |      33 |       0 |   0.0
    Snake:2 |    9863 |       0 |   0.0 |      22 |       0 |   0.0
      Orc:1 |    2153 |       0 |   0.0 |      21 |       0 |   0.0
      Orc:2 |    2559 |    6392 |  71.4 |      39 |      53 |  57.6
    Ossuary |       0 |     372 | 100.0 |       0 |      27 | 100.0
     Bailey |       0 |    1619 | 100.0 |       0 |      27 | 100.0
   Gauntlet |       0 |    3932 | 100.0 |       0 |       6 | 100.0
            +---------+---------+-------+---------+---------+-------

Levels and vault maps discovered:
D:1:      minmay_arrival_split_and_join, layout_loops_ring
D:2:      layout_rooms, first_ration
D:3:      layout_rooms, overflow_temple_1_default,
          amethyst_overflow_temple_binary
D:4:      layout_cave_pools, xom_redecorated, serial_shops, shop, uniq_robin,
          uniq_ijyb
D:5:      layout_loops_ring, minmay_temple_entry_hall, uniq_crazy_yiuf_cottage,
          uniq_grinder
D:6:      layout_loops_ring, kennysheep_little_box,
          nicolae_ossuary_entry_catacombs, minivault_11,
          kb_lookout_dungeons_type
D:7:      layout_loops_corners, grunt_ogre_cave, kennysheep_another_room
D:8:      layout_basic, overflow_temple_1_default, dancing_weapons_uskayaw,
          kennysheep_mini_moat, serial_shops, shop, gammafunk_ghost_grave,
          feat_on_display
D:9:      layout_cave_pools, old_standard_altar, dpeg_oklobed_lair
D:10:     layout_loops_corners, enter_bailey_8, serial_ice, serial_ice_a,
          serial_ice_e, serial_ice_i, serial_ice_c, uniq_fannar, uniq_nergalle
D:11:     layout_grid_maze, orc_0_dummy, serial_glass, glass_columns_a,
          glass_columns_a, basic_altar, uniq_sonja
D:12:     layout_roguey, serial_park_tiny_2, grunt_decor_one_mirror,
          due_unseen_surprise
D:13:     layout_small_grid, erik_vaults_2, serial_shops, nicolae_shop_trees,
          kennysheep_generic_room_16, uniq_nessos
D:14:     layout_irregular_city, portal_ice_cave_rime
D:15:     grunt_enter_depths_snipers, layout_long_grid, david_greed,
          uniq_roxanne
Lair:1:   layout_chaotic_city
Lair:2:   layout_cave_pods, minmay_snake_entry_six_corridors,
          beast_lair_carwin_2, grunt_megastairs_5
Lair:3:   layout_regular_city, beast_lair_carwin_4
Lair:4:   layout_regular_city, minmay_shoals_entry_beasts
Lair:5:   layout_roguey, basic_altar, serial_bayou_shore_a
Lair:6:   evilmike_catoblepas_cave, layout_small_grid, slime_altar_1,
          gauntlet_entry_generic
Snake:1:  layout_chambers, serial_shops, shop, shop_fountains,
          nicolae_shop_stone, minmay_shop_star, uniq_aizul
Snake:2:  layout_basic, serial_bayou_pond_a
Orc:1:    layout_caves
Orc:2:    st_orc_rangers, layout_diamond_mine, nicolae_orc_damp_corner,
          nicolae_orc_lava_tube, mumra_transporter_accident,
          hangedman_minor_magic

Table legend:
 A = Turns spent in this place as a percentage of turns spent in the entire game.
 B = Non-inter-level travel turns spent in this place as a percentage of non-inter-level travel turns spent in the entire game.
 C = Inter-level travel turns spent in this place as a percentage of turns spent in this place.
 D = Turns resting spent in this place as a percentage of non-inter-level travel turns spent in this place.
 E = Turns spent auto-exploring this place as a percentage of non-inter-level travel turns spent in this place.
 F = Non-inter-level travel turns spent in this place divided by the number of levels of this place that you've seen.
                   A       B       C       D       E      F
               +-------+-------+-------+-------+-------+----------------------
         Total | 100.0 | 100.0 |   7.7 |   8.5 |  65.1 | 849.9
       Dungeon |  53.0 |  52.9 |   7.7 |   5.7 |  68.1 | 839.6
          Lair |  26.3 |  25.5 |  10.6 |  11.2 |  68.6 | 1010.2
     Snake Pit |   8.3 |   8.9 |   1.8 |  18.2 |  57.6 | 1055.0
  Orcish Mines |   8.2 |   8.2 |   7.8 |   7.6 |  57.2 | 975.0
       Ossuary |   0.7 |   0.8 |   0.0 |   0.0 |  45.2 | 186.0
        Bailey |   1.7 |   1.8 |   0.0 |   0.5 |  45.0 | 429.0
      Gauntlet |   1.8 |   2.0 |   0.0 |  18.7 |  32.6 | 466.0
               +-------+-------+-------+-------+-------+----------------------

Table legend:
 A = Kills in this place as a percentage of kills in entire the game.
 B = Kills by you in this place as a percentage of kills by you in the entire game.
 C = Kills by friends in this place as a percentage of kills by friends in the entire game.
 D = Other kills in this place as a percentage of other kills in the entire game.
 E = Experience gained in this place as a percentage of experience gained in the entire game.
 F = Experience gained in this place divided by the number of levels of this place that you have seen.
                   A       B       C       D       E      F
               +-------+-------+-------+-------+-------+----------------------
         Total | 100.0 | 100.0 | 100.0 | 100.0 | 100.0 | 5598.1
       Dungeon |  54.9 |  56.0 |   0.0 |   0.0 |  47.9 | 5003.5
          Lair |  17.0 |  17.3 |   0.0 |   0.0 |  24.2 | 6322.0
     Snake Pit |   6.8 |   6.9 |   0.0 |   0.0 |  17.1 | 13368.0
  Orcish Mines |  13.9 |  12.8 |   0.0 | 100.0 |   7.1 | 5552.0
       Ossuary |   3.3 |   3.4 |   0.0 |   0.0 |   0.2 | 372.0
        Bailey |   3.3 |   2.9 | 100.0 |   0.0 |   1.0 | 1619.0
      Gauntlet |   0.7 |   0.8 |   0.0 |   0.0 |   2.5 | 3932.0
               +-------+-------+-------+-------+-------+----------------------
